 Dungeon Crawl Stone Soup version 0.17-a0-2109-g117576f (webtiles) character file.

12649 septik the Severer (level 11, -7/157 (159) HPs)
             Began as a Minotaur Berserker on Oct 19, 2015.
             Was a High Priest of Trog.
             Mangled by Maud
             ... wielding a +4 eveningstar
              (13 damage)
             ... on level 11 of the Dungeon.
             The game lasted 00:40:14 (9601 turns).

septik the Severer (Minotaur Berserker)             Turns: 9601, Time: 00:40:15

HP:   -7/157 (159)  AC: 25    Str: 27    XL:     11   Next: 65%
MP:   3/3           EV:  2    Int:  4    God:    Trog [*****.]
Gold: 718           SH: 13    Dex: 12    Spells: 0 memorised, 10 levels left

rFire  . . .     SeeInvis .     U - +3 war axe (antimagic)
rCold  . . .     Clarity  .     (armour currently unavailable)
rNeg   + + +     SustAt   .     R - +3 shield
rPois  +         Gourm    .     (helmet currently unavailable)
rElec  .         Spirit   .     (cloak currently unavailable)
rCorr  +         Warding  .     (gloves currently unavailable)
rMut   .         NoTele   +     (boots currently unavailable)
MR     .....                    j - amulet of resist corrosion
Stlth  +.........               I - +4 ring of strength
                                m - +2 ring of evasion

@: exhausted, tree-form, slowed, very slow, not resistant to hostile
enchantments, very unstealthy
A: (retaliatory headbutt), (horns 0)
a: Berserk, Trog's Hand, Brothers in Arms, Burn Spellbooks, Renounce Religion


You were on level 11 of the Dungeon.
You worshipped Trog.
Trog was extremely pleased with you.
You were not hungry.
You were a tree.
You visited 1 branch of the dungeon, and saw 11 of its levels.

You collected 718 gold pieces.

Inventory:

Hand Weapons
 w - a +0 blowgun
 L - a +3 war axe
 O - a +2 arbalest of flaming
 T - a cursed -2 war axe
 U - a +3 antimagic war axe (weapon)
Missiles
 h - 359 stones (quivered)
 x - 14 poisoned needles
 Q - 47 bolts
Armour
 p - a +1 hat (melded)
 z - the +0 ring mail of Honesty {rC+ Str+5 Dex-5}
   (You found it on level 4 of the Dungeon)

   It affects your strength (+5).
   It affects your dexterity (-5).
   It protects you from cold.
 N - a +0 plate armour
 P - a +1 scale mail of poison resistance
 R - a +3 shield (worn)
 W - a +0 pair of gloves (melded)
 X - a +0 plate armour (melded)
Jewellery
 b - an uncursed amulet of stasis
 j - an amulet of resist corrosion (around neck)
 m - a +2 ring of evasion (left branch)
 v - an uncursed ring of sustain attributes
 C - an uncursed ring of stealth
 H - an uncursed ring of invisibility
 I - a +4 ring of strength (right branch)
Wands
 a - a wand of fire (3)
 i - a wand of polymorph (2)
 t - a wand of cold (9)
 y - a wand of digging (24)
 D - a wand of paralysis (16)
 M - a wand of slowing (17)
Scrolls
 d - 2 scrolls of amnesia
 e - a scroll of enchant armour
 f - 8 scrolls of identify
 g - 3 scrolls of remove curse
 o - 4 scrolls of recharging
 B - 2 scrolls of teleportation {unknown}
 Y - 2 scrolls of holy word {unknown}
Potions
 l - 2 potions of invisibility
 n - a potion of magic {unknown}
 q - 4 potions of cancellation {unknown}
 s - 3 potions of haste
 u - a potion of cure mutation {unknown}
 A - a potion of ambrosia {unknown}
 E - a potion of heal wounds {unknown}
 F - a potion of poison {unknown}
 G - a potion of brilliance {unknown}
 J - 4 potions of curing
 S - a potion of agility {unknown}
Books
 Z - a book of the Earth

   Spells                             Type                      Level
   a - Leda's Liquefaction            Hexes/Earth                  4
   b - Bolt of Magma                  Conjuration/Fire/Earth       5
   c - Statue Form                    Transmutation/Earth          6
   d - Iron Shot                      Conjuration/Earth            6
   e - Shatter                        Earth                        9
   Trog disapproves of the use of such an item.
Comestibles
 c - 4 bread rations
 k - 4 meat rations
 r - 3 slices of pizza
 V - 6 chunks of flesh


   Skills:
 * Level 12.9 Fighting
 - Level 16.5 Axes
 + Level 4.5 Armour
 + Level 3.8 Dodging
 + Level 3.0 Shields


You had 10 spell levels left.
You didn't know any spells.

Dungeon Overview and Level Annotations

Branches:
Dungeon (11/15)            Temple (0/1) D:5
   Lair: D:8-11         Orc: D:9-12

Altars:
Ashenzari
Cheibriados
Dithmenos
Elyvilon
Fedhas
Gozag
Kikubaaqudgha
Makhleb
Nemelex Xobeh
Qazlal
Vehumet
Xom
Yredelemnul
Zin
The Shining One

Shops:
D:4 }   D:10 }

Annotations:
D:11 Maud


Innate Abilities, Weirdness & Mutations

((You reflexively headbutt those who attack you in melee.))
((You have a pair of horns on your head.))


Message History

You slash Maud!
Maud is moderately wounded.
You block Maud's attack.
You closely miss Maud.
Maud is moderately wounded.
You block Maud's attack.
You hit Maud.
Maud is moderately wounded.
You block Maud's attack.
You slash Maud!
Maud is heavily wounded.
You block Maud's attack.
You hit Maud.
Maud is heavily wounded.
Maud hits you with an enchanted eveningstar!
* * * LOW HITPOINT WARNING * * *
You barely miss Maud.
Maud is heavily wounded.
Maud hits you with an enchanted eveningstar!
You die...

#..# #..#
#..# #..#
..####..#
........#
.......@#
#♣# #.#
#...# #.#
#...# #.#
#...# #.#
#...# #.#
#...# #.#
#...# #.#
>..####...#
#.#


You could see Maud.

Vanquished Creatures
  Gastronok (D:8)
  Snorg (D:11)
  An unseen horror (D:10)
  Psyche (D:8)
  A troll (D:10)
  A two-headed ogre (D:10)
  Grinder (D:7)
  Sigmund (D:3)
  17 yaks (D:9)
  2 deep elf magi
  3 hippogriffs
  5 orc warriors
  3 sky beasts
  A black bear (D:9)
  A phantom (D:8)
  5 ogres
  2 necrophages
  2 ice beasts
  A crocodile (D:10)
  3 big kobolds (D:9)
  10 centaurs
  2 gnoll sergeants
  6 giant frogs
  A scorpion (D:7)
  10 killer bees
  3 wights (D:7)
  A quasit (D:8)
  3 jellies
  4 crimson imps
  7 orc priests
  A centaur skeleton (D:7)
  A giant frog skeleton (D:6)
  Ijyb (D:2)
  A gnoll shaman (D:9)
  7 orc wizards
  10 hounds
  3 iguanas
  4 worker ants
  2 hound skeletons
  A hound zombie (D:9)
  10 gnolls
  19 adders
  4 shadow imps
  2 adder skeletons (D:6)
  An adder zombie (D:6)
  3 giant geckos
  30 orcs
  11 giant cockroaches
  5 goblins
  17 hobgoblins
  7 kobolds
  4 quokkas
  3 ball pythons
  10 bats
  2 giant newts
  16 jackals
  2 quokka skeletons
  3 rats
280 creatures vanquished.

Vanquished Creatures (others)
  3 orcs (D:6)
  A quokka (D:6)
  A giant cockroach (D:6)
5 creatures vanquished.

Grand Total: 285 creatures vanquished

Notes
Turn   | Place    | Note
--------------------------------------------------------------
     0 | D:1      | septik the Minotaur Berserker began the quest for the Orb.
     0 | D:1      | Reached XP level 1. HP: 19/19 MP: 0/0
   121 | D:1      | Reached skill level 4 in Axes
   198 | D:1      | Reached XP level 2. HP: 27/27 MP: 1/1
   454 | D:1      | Reached ** piety under Trog
   629 | D:2      | Noticed Ijyb
   634 | D:2      | Reached XP level 3. HP: 25/33 MP: 2/2
   642 | D:2      | Killed Ijyb
   642 | D:2      | Reached skill level 5 in Axes
   653 | D:2      | Reached XP level 4. HP: 21/41 MP: 3/3
  1411 | D:2      | Found a blossoming altar of Fedhas.
  1652 | D:3      | Reached skill level 6 in Axes
  1678 | D:3      | Reached XP level 5. HP: 47/47 MP: 4/4
  1697 | D:3      | Reached *** piety under Trog
  1697 | D:3      | Reached skill level 5 in Fighting
  1725 | D:3      | Found an ancient bone altar of Kikubaaqudgha.
  1876 | D:3      | Found a shattered altar of Ashenzari.
  1876 | D:3      | Noticed Sigmund
  1883 | D:3      | Killed Sigmund
  1883 | D:3      | Reached skill level 7 in Axes
  1883 | D:3      | Reached XP level 6. HP: 57/57 MP: 5/5
  2118 | D:4      | Reached skill level 8 in Axes
  2133 | D:4      | Found a radiant altar of Vehumet.
  2230 | D:4      | Reached XP level 7. HP: 63/63 MP: 6/6
  2257 | D:4      | Got a tiger eye-encrusted ring mail
  2268 | D:4      | Identified the cursed +0 ring mail of Honesty {rC+ Str+5 Dex-5} (You found it on level 4 of the Dungeon)
  2318 | D:4      | Found Ufoegahu's Gadget Emporium.
  2416 | D:4      | Found a sparkling altar of Nemelex Xobeh.
  2726 | D:5      | Entered Level 5 of the Dungeon
  2749 | D:5      | Reached **** piety under Trog
  2924 | D:5      | Reached skill level 9 in Axes
  3165 | D:5      | Found a staircase to the Ecumenical Temple.
  3510 | D:6      | Found a stormy altar of Qazlal.
  3512 | D:6      | Noticed Grinder
  3686 | D:6      | Found a white marble altar of Elyvilon.
  3885 | D:6      | Reached XP level 8. HP: 29/73 MP: 7/7
  3906 | D:6      | Reached skill level 10 in Axes
  4276 | D:6      | Found a snail-covered altar of Cheibriados.
  4342 | D:6      | Found a burning altar of Makhleb.
  4666 | D:6      | Reached skill level 11 in Axes
  4881 | D:7      | Found a basalt altar of Yredelemnul.
  4890 | D:7      | Found a glowing golden altar of the Shining One.
  4901 | D:7      | Noticed an angel
  4946 | D:7      | Killed Grinder
  4946 | D:7      | Reached skill level 12 in Axes
  4946 | D:7      | Reached XP level 9. HP: 83/83 MP: 8/8
  5463 | D:8      | Reached ***** piety under Trog
  5699 | D:8      | Found a glowing silver altar of Zin.
  5700 | D:8      | Found an opulent altar of Gozag.
  5750 | D:8      | Reached skill level 13 in Axes
  6069 | D:8      | Noticed Psyche
  6076 | D:8      | Killed Psyche
  6076 | D:8      | Reached skill level 10 in Fighting
  6219 | D:8      | Found a shadowy altar of Dithmenos.
  6219 | D:8      | Noticed Gastronok
  6246 | D:8      | HP: 4/127 [hippogriff (3)]
  6249 | D:8      | Reached XP level 10. HP: 5/93 MP: 9/9
  6255 | D:8      | HP: 5/139 [rat[Gastronok] (2)]
  6274 | D:8      | Killed Gastronok
  6274 | D:8      | Reached skill level 14 in Axes
  6556 | D:8      | Found a shimmering altar of Xom.
  6811 | D:9      | Received a gift from Trog
  6901 | D:7      | Reached skill level 15 in Axes
  7788 | D:9      | Reached skill level 16 in Axes
  7788 | D:9      | Reached XP level 11. HP: 63/103 MP: 10/10
  8367 | D:9      | Received a gift from Trog
  8803 | D:10     | Entered Level 10 of the Dungeon
  8845 | D:10     | Killed an unseen horror
  8845 | D:10     | Reached skill level 1 in Shields
  9159 | D:10     | Found Amaupp's Gadget Shoppe.
  9522 | D:11     | Noticed Snorg
  9533 | D:11     | Killed Snorg
  9584 | D:11     | Noticed Maud
  9600 | D:11     | HP: 5/157 [Maud/enchanted eveningstar (17)]
  9601 | D:11     | Mangled by Maud

Vault maps used:
D:1:      denvon_arrival_planthouse
D:2:      nicolae_overflow_crystal_walls, minmay_close_crescents, uniq_iyjb
D:3:      kiku_gazebo_garden_becter, evilmike_ruin_ashenzari, first_bread,
          minmay_misc_feat_chi, uniq_sigmund
D:4:      old_standard_altar, nemelex_deck, serial_shops, shop_fountains
D:5:      minmay_temple_entry_statues_fountains
D:6:      grunt_qazlal_sundering, old_standard_altar, elyvilon_altar_4,
          nicolae_benzene_ring, kennysheep_small_spiral, bloody_makhleb,
          uniq_grinder
D:7:      grunt_temple_overflow_holy_war, kennysheep_generic_room_14
D:8:      grunt_temple_overflow_gold_and_silver, old_standard_altar,
          basic_altar, uniq_gastronok, uniq_psyche
D:9:      kennysheep_housing_project
D:10:     serial_shops, shop
D:11:     lair_0_dummy, uniq_maud, uniq_snorg

Action                   |  1- 3 |  4- 6 |  7- 9 | 10-12 || total
-------------------------+-------+-------+-------+-------++-------
Melee: Hand axe          |    46 |   106 |    75 |       ||   227
       Unarmed           |     6 |       |       |       ||     6
       Broad axe         |       |       |   111 |       ||   111
       War axe           |       |       |   126 |   289 ||   415
       Arbalest          |       |       |       |     1 ||     1
 Fire: Blowgun           |       |       |     6 |       ||     6
Throw: Stone             |       |       |       |    12 ||    12
Invok: Berserk           |     1 |     1 |     5 |     4 ||    11
       Burn Spellbooks   |       |     1 |       |     1 ||     2
  Use: Scroll            |       |       |    15 |     4 ||    19
       Potion            |       |       |     3 |     1 ||     4
 Stab: Sleeping          |       |       |     1 |       ||     1
  Eat: Chunk             |       |     6 |    14 |    15 ||    35
       Bread ration      |       |       |     1 |       ||     1
